 Dungeon Crawl Stone Soup version 0.26-a0-540-g8a0c9464d7 (webtiles) character file.

Game seed: 8918742915286897634

987 Lanoc the Cleaver (level 7, -3/64 HPs)
             Began as a Minotaur Delver on Aug 16, 2020.
             Was a Follower of Uskayaw.
             Slain by a bullfrog (7 damage)
             ... on level 6 of the Dungeon.
             The game lasted 00:02:53 (2447 turns).

Lanoc the Cleaver (Minotaur Delver)                 Turns: 2447, Time: 00:02:53

Health: -3/64      AC:  3    Str: 17    XL:     7   Next: 97%
Magic:  6/6        EV: 15    Int: 13    God:    Uskayaw [*.....]
Gold:   48         SH:  0    Dex: 13    Spells: 6/6 levels left

rFire    . . .     SeeInvis +   a - +0 hand axe
rCold    x . .     Faith    .   (no shield)
rNeg     . . .     Spirit   .   i - +1 robe of an ice cave {rC- Int+6 SInv} (curse)
rPois    .         Reflect  .   (helmet restricted)
rElec    .         Harm     .   (no cloak)
rCorr    +                      (no gloves)
MR       .....                  (no boots)
Stlth    +++.......             (no amulet)
HPRegen  0.20/turn              h - ring of resist corrosion
MPRegen  0.10/turn              (no ring)

@: no status effects
A: retaliatory headbutt, horns 2
a: Stomp, Renounce Religion


You were on level 6 of the Dungeon.
You worshipped Uskayaw.
Uskayaw was noncommittal.
You visited 2 branches of the dungeon, and saw 4 of its levels.

You collected 118 gold pieces.
You spent 70 gold pieces at shops.

Inventory:

Hand Weapons
 a - a +0 hand axe (weapon)
Armour
 i - the cursed +1 robe of an ice cave (worn) {rC- Int+6 SInv}
   (You found it on level 6 of the Dungeon)

   It affects your intelligence (+6).
   It makes you vulnerable to cold.
   It lets you see invisible.
   It has a curse placed upon it.
Jewellery
 h - a ring of resist corrosion (left hand)
Wands
 g - a wand of digging (3)
Scrolls
 c - a scroll of fog
 d - a scroll of magic mapping
 e - a scroll of fear
 j - a scroll of remove curse {unknown}
 k - a scroll of identify {unknown}
Potions
 b - a potion of flight {unknown}
 f - a potion of haste
 l - a potion of heal wounds
 m - a potion of brilliance {unknown}


   Skills:
 + Level 6.5 Fighting
 * Level 8.0 Axes
 + Level 5.3 Dodging
 - Level 4.1 Stealth
 * Level 1.1 Invocations


You had 6 spell levels left.
You didn't know any spells.
Your spell library was empty.

Dungeon Overview and Level Annotations

Branches:
Dungeon (7/15)             Temple (1/1) D:7

Altars:
Ashenzari
Cheibriados
Dithmenos
Fedhas
Gozag
Hepliaklqana
Kikubaaqudgha
Makhleb
Nemelex Xobeh
Qazlal
Ru
Trog
Uskayaw
Wu Jian
Xom
Zin
The Shining One

Shops:
D:7 !

Annotations:
D:5 3 runed translucent doors, Begoul's ghost, novice GrEE


Innate Abilities, Weirdness & Mutations

You reflexively headbutt those who attack you in melee.
You have a pair of horns on your head.


Message History

* * * LOW HITPOINT WARNING * * *
You are too injured to fight recklessly!
You are too injured to fight recklessly!
You are too injured to fight recklessly!
You are too injured to fight recklessly!
You are too injured to fight recklessly!
The bullfrog barely misses you.
The bullfrog swells and bulges.
The bullfrog closely misses you. The bullfrog misses you.
The bullfrog hits you!
* * * LOW HITPOINT WARNING * * *
The bullfrog closely misses you. The orc closely misses you.
You furiously retaliate!
You headbutt the orc!
You kill the orc!
There is a stone staircase leading up here.
The bullfrog barely misses you.
The orc priest casts a cantrip, but nothing happens.
The bullfrog hits you!
You die...

#.. #. .(#
##.####.o
#......#. ##
#......#?##
#..##......#.o#
.........##.# .##
#...†..##.##..#.#
#..@Fo.##........
#.......o..≈≈≈≈≈.
#..(.....≈≈≈≈≈≈≈≈
#.......≈≈≈≈≈≈≈≈≈≈
######.≈≈≈≈≈≈≈≈≈≈≈
#)≈≈≈≈≈≈_≈≈≈≈ #.#
#.≈≈≈≈≈≈≈≈≈≈≈ #.#
#..≈≈≈≈≈≈≈≈≈≈ #.#
##.≈≈≈≈≈≈≈≈≈.


You could see an orc warrior, a bullfrog and an orc priest.

Vanquished Creatures
  A hippogriff (D:7)
  An orc warrior (D:7)
  A sky beast (D:7)
  An ogre (D:7)
  A centaur (D:7)
  3 bullfrogs (D:7)
  A scorpion (D:7)
  A bullfrog zombie (D:7)
  2 orc priests (D:7)
  An orc wizard (D:7)
  An iguana (D:7)
  4 gnolls (D:7)
  A howler monkey skeleton (D:6)
  An adder (D:7)
  A leopard gecko (D:7)
  5 orcs
  4 jackals (D:7)
  A giant cockroach zombie (D:6)
31 creatures vanquished.

Notes
Turn   | Place    | Note
-------+----------+-------------------------------------------
     0 | D:5      | Lanoc the Minotaur Delver began the quest for the Orb.
     0 | D:5      | Reached XP level 1. HP: 19/19 MP: 0/0
     0 | D:5      | Found a runed translucent gate.
     3 | D:5      | Noticed Begoul's ghost (novice GrEE)
     5 | D:5      | Noticed a worker ant
     9 | D:5      | Found a runed translucent gate.
    19 | D:5      | Noticed a sky beast
   276 | D:6      | Reached skill level 3 in Axes
   276 | D:6      | Reached XP level 2. HP: 23/27 MP: 1/1
   330 | D:6      | Got a distressingly furry robe
   341 | D:6      | Identified the cursed +1 robe of an ice cave {rC- Int+6
                  | SInv} (You found it on level 6 of the Dungeon)
   363 | D:6      | Noticed a wight
   364 | D:6      | Noticed a wight
   414 | D:7      | Noticed a hippogriff
   422 | D:7      | Killed a hippogriff
   422 | D:7      | Reached skill level 5 in Axes
   422 | D:7      | Reached XP level 3. HP: 35/35 MP: 2/2
   422 | D:7      | Reached XP level 4. HP: 41/41 MP: 3/3
   422 | D:7      | Reached XP level 5. HP: 47/47 MP: 4/4
   453 | D:7      | Reached skill level 5 in Fighting
   543 | D:7      | Noticed an orc warrior
   553 | D:7      | Reached XP level 6. HP: 22/56 MP: 5/5
   556 | D:7      | Killed an orc warrior
   556 | D:7      | Reached skill level 6 in Axes
  1058 | D:7      | Noticed a sky beast
  1266 | D:7      | Reached XP level 7. HP: 48/62 MP: 6/6
  1407 | D:7      | Reached skill level 7 in Axes
  1705 | D:7      | Reached skill level 5 in Dodging
  1790 | D:7      | Found Nazoilyu's Distillery.
  1909 | D:7      | Bought a potion of heal wounds for 70 gold pieces
  1984 | D:7      | Found a staircase to the Ecumenical Temple.
  1995 | Temple   | Entered the Ecumenical Temple
  2136 | Temple   | Became a worshipper of Uskayaw the Reveler
  2221 | D:7      | Reached * piety under Uskayaw
  2228 | D:7      | Reached ** piety under Uskayaw
  2229 | D:7      | Reached skill level 8 in Axes
  2229 | D:7      | Reached skill level 1 in Invocations
  2419 | D:6      | Found a hazy altar of Hepliaklqana.
  2443 | D:6      | HP: 3/64 [bullfrog (7)]
  2447 | D:6      | Slain by a bullfrog

Illustrated notes

Levels and vault maps discovered:
D:5:      layout_rooms, gammafunk_ghost_split
D:6:      layout_rooms, serial_shops, shop, eino_small_chamber_without_monster,
          lemuel_altar_in_water, uniq_menkaure
D:7:      layout_basic, minmay_temple_entry_poolview, serial_shops, shop
Temple:   roderic_octagonal_lattice_temple

Skill      XL: |  1  2  3  4  5  6  7 |
---------------+----------------------+-----
Axes           | 3 5 6 8 |  8.0
Fighting       | 4 5 6 |  6.5
Dodging        | 3 4 5 |  5.3
Invocations    | 1 |  1.1
Stealth        | |  4.1

Action                   |  1- 3 |  4- 6 |  7- 9 || total
-------------------------+-------+-------+-------++-------
Melee: Hand axe          |     7 |    51 |    57 ||   115
       Headbutt          |     2 |     7 |    10 ||    19
Evoke: Wand              |     3 |     7 |       ||    10
 Stab: Sleeping          |       |       |     3 ||     3
Armor: Leather armour    |     3 |       |       ||     3
       Robe              |     1 |     3 |     5 ||     9
Dodge: Dodged            |     6 |    31 |    42 ||    79

Table legend: (Time is in decaauts)
 A = Elapsed time spent in this place.
 B = Non-inter-level travel time spent in this place.
 C = Inter-level travel time spent in this place.
 D = Time resting spent in this place.
 E = Time spent auto-exploring this place.
 F = Levels seen in this place.
 G = Mean time per level.
                   A        B        C        D        E       F      G
               +--------+--------+--------+--------+--------+-----+--------+
         Total |   2443 |   2362 |     81 |    672 |   1401 |   4 |  610.8 |
       Dungeon |   2280 |   2219 |     61 |    672 |   1264 |   3 |  760.0 |
        Temple |    162 |    142 |     20 |      0 |    137 |   1 |  162.0 |
               +--------+--------+--------+--------+--------+-----+--------+

Top non-repeatable levels by time:
     D:7: 1867 daAuts
     D:6: 376 daAuts
  Temple: 162 daAuts
     D:5: 35 daAuts
